 Dungeon Crawl Stone Soup version 0.18.1-50-g88ac8fd (webtiles) character file.

81 Franakus the Conjurer (level 4, -2/24 HPs)
             Began as a Deep Elf Conjurer on Oct 27, 2016.
             Slain by an iguana (4 damage)
             ... on level 5 of the Dungeon.
             The game lasted 00:11:16 (639 turns).

Franakus the Conjurer (Deep Elf Conjurer)            Turns: 639, Time: 00:11:17

Health: -2/24      AC:  3    Str:  5    XL:     4   Next: 19%
Magic:  1/12       EV:  8    Int: 21    God:
Gold:   76         SH:  0    Dex: 15    Spells: 3 memorised, 5 levels left

rFire  . . .     SeeInvis .     h - +0 club
rCold  . . .     Gourm    .     a - +1 robe
rNeg   . . .     Faith    .     (no shield)
rPois  .         Spirit   .     (no helmet)
rElec  .         Dismiss  .     (no cloak)
rCorr  .         Reflect  .     (no gloves)
SustAt .         Harm     .     (no boots)
MR     .....                    (no amulet)
Stlth  ++........               (no ring)
                                (no ring)

@: not resistant to hostile enchantments, unstealthy
A: no striking features
a: no special abilities


You were on level 5 of the Dungeon.
You were not hungry.

You visited 1 branch of the dungeon, and saw 5 of its levels.

You collected 76 gold pieces.

Inventory:

Hand Weapons
 h - a +0 club (weapon)
Armour
 a - a +1 robe (worn)
Scrolls
 e - a scroll of identify
 f - a scroll of teleportation
 k - 2 scrolls of remove curse
Potions
 d - a potion of might
 i - a potion of mutation {unknown}
 m - 2 potions of invisibility {unknown}
Books
 b - a book of Conjurations

   Spells                             Type                      Level
   a - Magic Dart                     Conjuration                  1
   b - Searing Ray                    Conjuration                  2
   c - Dazzling Spray                 Conjuration/Hexes            3
   d - Fulminant Prism                Conjuration/Hexes            4
   e - Iskenderun's Mystic Blast      Conjuration                  4
   f - Iskenderun's Battlesphere      Conjuration/Charms           5
Comestibles
 c - a bread ration
 g - a beef jerky
 j - 4 fruits
 l - a meat ration


   Skills:
 + Level 2.5 Dodging
 + Level 2.4 Stealth
 + Level 4.0 Spellcasting
 + Level 5.8 Conjurations


You had 5 spell levels left.
You knew the following spells:

 Your Spells              Type           Power        Failure   Level  Hunger
a - Magic Dart            Conj           ####         1%          1    None
b - Searing Ray           Conj           ####..       1%          2    #......
c - Dazzling Spray        Conj/Hex       ###...       14%         3    ###....


Dungeon Overview and Level Annotations

Branches:
Dungeon (5/15)
 Temple: D:4-7

Altars:

Shops:
D:4 }(


Message History

The iguana bites you but does no damage.
Casting: Magic Dart
Confirm with . or Enter, or press ? or * to list all spells.
You don't have enough magic to cast that spell.
Unknown command.
You hit the iguana but do no damage.
The iguana is almost dead.
The iguana bites you!
Ouch! That really hurt!
You closely miss the iguana.
The iguana is almost dead.
The iguana completely misses you.
The ogre shouts!
You hit the iguana.
The iguana is almost dead.
The iguana barely misses you. The iguana bites you!
* * * LOW HITPOINT WARNING * * *
There is a stone staircase leading down here.
The iguana bites you.
You die...

... #.. .......
#.##.###..!..#
####.......#
##.......O..#
.........####
##.####.....# #####
#..##.# #...#
#.l##.#########...#
#.@...........'...'
###############...#
#...# #...# #....
#.... ..... #.....


You could see an ogre and an iguana.

Vanquished Creatures
  A crimson imp (D:5)
  4 adders
  2 goblins
  A quokka (D:4)
  A ball python skeleton (D:4)
  A bat (D:2)
  A giant gecko skeleton (D:4)
  3 giant newts
  A kobold (D:2)
  2 rats
17 creatures vanquished.

Notes
Turn   | Place    | Note
--------------------------------------------------------------
     0 | D:1      | Franakus the Deep Elf Conjurer began the quest for the Orb.
     0 | D:1      | Reached XP level 1. HP: 10/10 MP: 6/6
   255 | D:4      | Found Esing's Gadget Shop.
   260 | D:4      | Reached skill level 5 in Conjurations
   260 | D:4      | Reached XP level 2. HP: 15/15 MP: 4/8
   264 | D:4      | Learned a level 2 spell: Searing Ray
   508 | D:4      | Found Ymuar's Weapon Shop.
   542 | D:5      | Entered Level 5 of the Dungeon
   550 | D:5      | Reached XP level 3. HP: 19/19 MP: 6/10
   555 | D:5      | Learned a level 3 spell: Dazzling Spray
   623 | D:5      | Noticed an ogre
   627 | D:5      | Reached XP level 4. HP: 24/24 MP: 2/12
   639 | D:5      | Slain by an iguana

Skill      XL: |  1  2  3 |
---------------+----------+-----
Conjurations   | 5 |  5.8
Spellcasting   | 4 |  4.0
Dodging        | |  2.5
Stealth        | |  2.4

Action                   |  1- 3 |  4- 6 || total
-------------------------+-------+-------++-------
Melee: Club              |       |     3 ||     3
 Cast: Magic Dart        |    19 |     2 ||    21
       Searing Ray       |     8 |       ||     8
  Use: Scroll            |     7 |       ||     7
Armor: Robe              |       |     1 ||     1
Dodge: Dodged            |     3 |     2 ||     5
